 Dungeon Crawl Stone Soup version 0.25.1-2-g60ff931df9 (console) character file.

Game seed: 17156145241367016499

4223 Colgate the Spear-Bearer (level 10, 29/81 HPs)
             Began as a Gnoll Chaos Knight on Aug 22, 2020.
             Was a Plaything of Xom.
             Quit the game on level 8 of the Dungeon.
             The game lasted 01:39:26 (7027 turns).

Colgate the Spear-Bearer (Gnoll Chaos Knight)       Turns: 7027, Time: 01:39:27

Health: 29/81      AC: 20    Str: 23    XL:     10   Next: 30%
Magic:  13/17      EV: 14    Int: 19    God:    Xom [...*..]
Gold:   24         SH:  0    Dex: 16    Spells: 10/19 levels left

rFire    + . .     SeeInvis .   a - +0 spear (chaos)
rCold    . . .     Gourm    .   (no shield)
rNeg     . . .     Faith    .   U - +0 scale mail "Plog" {Str+2} (curse)
rPois    +         Spirit   .   B - +0 helmet
rElec    .         Reflect  .   p - +0 cloak
rCorr    .         Harm     .   i - +2 pair of gloves
MR       +....                  o - +1 pair of boots
Stlth    ++........             (no amulet)
HPRegen  0.23/turn              I - ring "Pedi" {rPois rF+ MR+ Str+4 Int+5}
MPRegen  0.15/turn              t - +4 ring of protection

@: very slightly contaminated
A: distributed training, fangs 1, strong nose
a: Renounce Religion


You were on level 8 of the Dungeon.
You worshipped Xom.
You were a favourite toy of Xom.
You were not hungry.

You visited 1 branch of the dungeon, and saw 8 of its levels.
You also visited: Ossuary.

You collected 312 gold pieces.
You spent 288 gold pieces at shops.

Inventory:

Hand Weapons
 a - a +0 spear of chaos (weapon)
 b - a +0 hunting sling of flaming
 q - a +1 broad axe of electrocution
 E - a +0 quarterstaff
Missiles
 g - 98 bolts
 h - 186 stones
 j - 114 arrows
 n - 10 sling bullets
 y - 2 boomerangs
 Q - 53 poisoned darts (quivered)
Armour
 i - a +2 pair of gloves (worn)
 o - a +1 pair of boots (worn)
 p - a +0 cloak (worn)
 w - a +0 chain mail
 B - a +0 helmet (worn)
 J - a +0 scale mail
 P - a +0 robe
 S - a +2 leather armour
 U - the cursed +0 scale mail "Plog" (worn) {Str+2}
   (You bought it in a shop on level 8 of the Dungeon)

   It affects your strength (+2).
   It has a curse placed upon it.
Magical Staves
 F - an uncursed staff of wizardry
Jewellery
 f - an uncursed ring of resist corrosion
 t - a +4 ring of protection (right hand)
 I - the ring "Pedi" (left hand) {rPois rF+ MR+ Str+4 Int+5}
   (You found it on level 4 of the Dungeon)

   [ring of protection from fire]

   It affects your strength (+4).
   It affects your intelligence (+5).
   It protects you from fire.
   It protects you from poison.
   It affects your resistance to hostile enchantments.
 K - an uncursed ring of see invisible
Wands
 A - a wand of disintegration (13)
Scrolls
 v - a scroll of fear
 z - a scroll of remove curse
 H - a scroll of immolation
 M - a scroll of magic mapping
 O - a scroll of amnesia
 R - 4 scrolls of teleportation
 T - a scroll of summoning {unknown}
 V - a scroll of enchant weapon {unknown}
Potions
 d - a potion of stabbing {unknown}
 e - 3 potions of might
 k - 4 potions of lignification
 l - 2 potions of cancellation
 r - 3 potions of heal wounds
 s - 8 potions of curing
 u - a potion of berserk rage
 x - 4 potions of degeneration
 C - a potion of flight {unknown}
 D - 2 potions of magic
 G - a potion of brilliance
 L - 2 potions of mutation
 N - a potion of ambrosia {unknown}
Comestibles
 c - 16 rations
 m - 17 chunks of flesh


   Skills:
 + Level 8.3 Fighting
 + Level 5.0 Short Blades
 + Level 5.0 Long Blades
 + Level 5.0 Axes
 + Level 5.0 Maces & Flails
 + Level 8.3 Polearms
 + Level 5.0 Staves
 + Level 5.0 Slings
 + Level 5.0 Bows
 + Level 5.0 Crossbows
 + Level 5.0 Throwing
 + Level 6.9 Armour
 + Level 5.7 Dodging
 + Level 5.0 Stealth
 + Level 5.0 Shields
 + Level 5.0 Unarmed Combat
 + Level 5.0 Spellcasting
 + Level 4.1 Conjurations
 + Level 4.1 Hexes
 + Level 4.1 Charms
 + Level 4.1 Summonings
 + Level 4.1 Necromancy
 + Level 4.1 Translocations
 + Level 4.1 Transmutations
 + Level 4.1 Fire Magic
 + Level 4.1 Ice Magic
 + Level 4.1 Air Magic
 + Level 4.1 Earth Magic
 + Level 4.1 Poison Magic
 + Level 5.5 Invocations
 + Level 5.0 Evocations


You had 10 spell levels left.
You knew the following spells:

 Your Spells              Type           Power        Failure   Level  Hunger
a - Confusing Touch       Hex            ###.....     16%         3    ##.....
b - Gell's Gravitas       Tloc           ###.......   16%         3    ##.....
c - Ozocubu's Armour      Chrm/Ice       ###.....     16%         3    ##.....

Your spell library contained the following spells:

 Spells                   Type           Power        Failure   Level  Hunger
 Freeze                   Ice            ###.         4%          1    None
 Frozen Ramparts          Ice            ###...       16%         3    ##.....
 Hailstorm                Conj/Ice       ###.....     45%         4    ####...
 Petrify                  Tmut/Erth      ###.....     45%         4    ####...
 Summon Ice Beast         Ice/Summ       ###.....     45%         4    ####...
 Metabolic Englaciation   Hex/Ice        ###.......   80%         5    ######.
 Yara's Violent Unravell  Hex/Tmut       ###.......   80%         5    ######.


Dungeon Overview and Level Annotations

Branches:
Dungeon (8/15)             Temple (0/1) D:5         Ossuary (visited)
   Lair: D:8-11

Altars:
Ashenzari
Gozag
Nemelex Xobeh
Okawaru
Qazlal
Sif Muna
Xom
Yredelemnul

Shops:
D:4 !   D:6 [   D:8 :?[%


Innate Abilities, Weirdness & Mutations

Your experience applies equally to all skills.
You have very sharp teeth.
Your uncanny sense of smell can sniff out nearby items.


Message History

Your crimson imp closely misses the gnoll.
Attack whom?
Press: ? - help, Dir - move target cursor, f/p - gnoll
Aim: a gnoll, wielding a +0 spear (severely wounded, slow)
You reach to attack!
You hit the gnoll.
You kill the gnoll!
There is an open door, spattered with blood here.
Items here: ))))) [[[ ††††
Okay, then.
Butcher an orc corpse? [(y)es/(n)o/(a)ll/(q)uit/?]
You butcher the orc corpse. x2
You butcher the bullfrog corpse.
You butcher the orc corpse.
m - 13 chunks of flesh (gained 3);
m - 14 chunks of flesh (gained 1);
m - 17 chunks of flesh (gained 3);
m - 18 chunks of flesh (gained 1)
There is an open door, spattered with blood here.
Items here: ))))) [[[ ÷÷÷÷ Eat one of 18 chunks of flesh? (ye/n/q)
You eat one of the 18 chunks of flesh.
This raw flesh tastes terrible.
Okay, then.
Are you sure you want to abandon this character and quit the game? (Confirm with "yes".)

#..# <.... #... ....
#... ... #..# ### ###
######+####..## #
.........#....# #
........5@...# #
..####'###..# #
######...# ###
#...#..........#
#...#..........#
#..##...####.g## ####
#..##...####.g###...#
#..##...........o...#
#..##.............(.#.
...#..............g.g((
..)#######.##.#######g.


You could see a friendly crimson imp (summoned).

Vanquished Creatures
  A mana viper (shapeshifter) (D:6)
  A hippogriff (shapeshifter) (D:2)
  A hippogriff (D:8)
  Sigmund (D:3)
  A hungry ghost (D:7)
  An orc warrior (D:8)
  A hornet zombie (Ossuary)
  3 ice beasts (D:6)
  3 ogres
  A centaur (D:8)
  A crocodile (D:8)
  3 bullfrogs
  2 scorpions (D:4)
  3 wights (D:7)
  A howler monkey (D:8)
  2 crimson imps (D:7)
  5 centaur zombies (Ossuary)
  4 jellies
  A quasit (D:7)
  3 bullfrog zombies
  8 hounds
  3 orc priests
  An iguana (D:5)
  8 orc wizards
  6 worker ants
  Ijyb (D:2)
  2 killer bee zombies (Ossuary)
  13 mummies (Ossuary)
  2 howler monkey zombies (Ossuary)
  A worker ant zombie (D:7)
  9 adders
  6 gnolls
  A shadow imp (D:6)
  An ooze (D:4)
  2 adder zombies (Ossuary)
  An adder skeleton (D:6)
  3 worms
  2 dart slugs
  7 leopard geckos
  33 orcs
  A ball python (D:1)
  7 giant cockroaches
  13 goblins
  3 hobgoblins
  4 jackals
  10 kobolds
  3 quokkas
  9 bats
  6 frilled lizards
  A leopard gecko zombie (Ossuary)
  6 rats
212 creatures vanquished.

Vanquished Creatures (others)
  2 orcs (D:6)
  A ball python (D:6)
  A withered plant (Ossuary)
4 creatures vanquished.

Grand Total: 216 creatures vanquished

Notes
Turn   | Place    | Note
-------+----------+-------------------------------------------
     0 | D:1      | Colgate the Gnoll Chaos Knight began the quest for the Orb.
     0 | D:1      | Reached XP level 1. HP: 23/23 MP: 1/1
    27 | D:1      | Found a shattered altar of Ashenzari.
    72 | D:1      | Reached XP level 2. HP: 26/29 MP: 2/2
   245 | D:1      | XOM: divination: detect creatures
   626 | D:2      | Reached XP level 3. HP: 35/35 MP: 3/3
   716 | D:2      | Reached skill level 1 in Invocations
   792 | D:2      | Reached skill level 1 in Short Blades
   792 | D:2      | Reached skill level 1 in Long Blades
   792 | D:2      | Reached skill level 1 in Axes
   792 | D:2      | Reached skill level 1 in Maces & Flails
   792 | D:2      | Reached skill level 1 in Staves
   792 | D:2      | Reached skill level 1 in Slings
   792 | D:2      | Reached skill level 1 in Bows
   792 | D:2      | Reached skill level 1 in Crossbows
   792 | D:2      | Reached skill level 1 in Throwing
   792 | D:2      | Reached skill level 1 in Stealth
   792 | D:2      | Reached skill level 1 in Shields
   792 | D:2      | Reached skill level 1 in Unarmed Combat
   792 | D:2      | Reached skill level 1 in Spellcasting
   792 | D:2      | Reached skill level 1 in Evocations
   826 | D:2      | Reached XP level 4. HP: 39/41 MP: 5/5
   951 | D:2      | Found a shimmering altar of Xom.
   995 | D:2      | Noticed a shapeshifter
   995 | D:2      | a bat changed into a shapeshifter
   995 | D:2      | Noticed an eye of draining
   995 | D:2      | a shapeshifter changed into an eye of draining
  1002 | D:2      | XOM: divination: magic mapping
  1003 | D:2      | Noticed a hippogriff
  1003 | D:2      | an eye of draining changed into a hippogriff
  1005 | D:2      | Killed a hippogriff
  1005 | D:2      | Reached skill level 1 in Conjurations
  1005 | D:2      | Reached skill level 1 in Hexes
  1005 | D:2      | Reached skill level 1 in Charms
  1005 | D:2      | Reached skill level 1 in Summonings
  1005 | D:2      | Reached skill level 1 in Necromancy
  1005 | D:2      | Reached skill level 1 in Translocations
  1005 | D:2      | Reached skill level 1 in Transmutations
  1005 | D:2      | Reached skill level 1 in Fire Magic
  1005 | D:2      | Reached skill level 1 in Ice Magic
  1005 | D:2      | Reached skill level 1 in Air Magic
  1005 | D:2      | Reached skill level 1 in Earth Magic
  1005 | D:2      | Reached skill level 1 in Poison Magic
  1005 | D:2      | Reached XP level 5. HP: 47/47 MP: 5/7
  1005 | D:2      | Reached XP level 6. HP: 53/53 MP: 5/8
  1591 | D:3      | Found an iron altar of Okawaru.
  1613 | D:3      | Reached skill level 5 in Armour
  1872 | D:3      | XOM: silly message
  1979 | D:3      | XOM: silly message
  2054 | D:3      | XOM: silly message
  2080 | D:3      | Noticed Ijyb
  2086 | D:3      | Noticed Sigmund
  2088 | D:3      | XOM: silly message
  2115 | D:2      | Killed Ijyb
  2115 | D:2      | Reached XP level 7. HP: 12/59 MP: 10/10
  2175 | D:2      | XOM: silly message
  2411 | D:3      | Killed Sigmund
  2906 | D:4      | XOM: divination: detect items
  2941 | D:4      | Found a sparkling altar of Nemelex Xobeh.
  3019 | D:4      | Found Oruaw's Distillery.
  3089 | D:4      | Got a heavily runed amber ring
  3090 | D:4      | Identified the ring "Pedi" {rPois rF+ MR+ Str+4 Int+5} (You
                  | found it on level 4 of the Dungeon)
  3094 | D:4      | XOM: silly message
  3174 | D:4      | Reached XP level 8. HP: 67/67 MP: 12/12
  3381 | D:4      | XOM: silly message
  3501 | D:5      | Entered Level 5 of the Dungeon
  3518 | D:5      | Found a sand-covered staircase.
  3522 | Ossuary  | Entered an ossuary
  3582 | Ossuary  | XOM: potion effect (stabbing)
  3599 | Ossuary  | XOM: noise
  3645 | Ossuary  | XOM: chaos cloud
  3808 | Ossuary  | XOM: stat loss: -1 Str (19/20)
  4039 | Ossuary  | XOM: summons 1 hostile shadow creature
  4175 | D:5      | Found a staircase to the Ecumenical Temple.
  4220 | D:5      | Reached XP level 9. HP: 72/72 MP: 14/14
  4292 | D:5      | Found an opulent altar of Gozag.
  4930 | D:5      | Identified a scroll of acquirement
  4930 | D:5      | Acquired a +1 broad axe of electrocution
  5030 | D:6      | XOM: 1-stop teleportation journey
  5173 | D:6      | Found Vabril's Armour Shop.
  5328 | D:6      | Noticed a glowing shapeshifter
  5328 | D:6      | a centaur changed into a glowing shapeshifter
  5328 | D:6      | XOM: polymorph centaur -> glowing shapeshifter
  5328 | D:6      | Noticed a death drake
  5328 | D:6      | a glowing shapeshifter changed into a death drake
  5330 | D:6      | Noticed a deep troll
  5330 | D:6      | a death drake changed into a deep troll
  5333 | D:6      | XOM: enchant monster (good)
  5334 | D:6      | Noticed a torpor snail
  5334 | D:6      | a deep troll changed into a torpor snail
  5337 | D:6      | Noticed a lindwurm
  5337 | D:6      | a torpor snail changed into a lindwurm
  5342 | D:6      | XOM: cleaving
  5342 | D:6      | Noticed a fire crab
  5342 | D:6      | a lindwurm changed into a fire crab
  5346 | D:6      | Noticed a glowing shapeshifter
  5346 | D:6      | a fire crab changed into a glowing shapeshifter
  5346 | D:6      | XOM: polymorph fire crab -> glowing shapeshifter
  5346 | D:6      | Noticed a merfolk
  5346 | D:6      | a glowing shapeshifter changed into a merfolk
  5351 | D:6      | Noticed a two-headed ogre
  5351 | D:6      | a merfolk changed into a two-headed ogre
  5353 | D:6      | XOM: confusion
  5353 | D:6      | Noticed an elephant
  5353 | D:6      | a two-headed ogre changed into an elephant
  5354 | D:6      | XOM: divination: magic mapping
  5356 | D:6      | Noticed a wind drake
  5356 | D:6      | an elephant changed into a wind drake
  5357 | D:6      | Noticed a mana viper
  5357 | D:6      | a wind drake changed into a mana viper
  5359 | D:6      | Killed a mana viper
  5359 | D:6      | Reached skill level 5 in Dodging
  5430 | D:6      | XOM: noise
  5448 | D:6      | Learned a level 3 spell: Confusing Touch
  5452 | D:6      | Learned a level 3 spell: Gell's Gravitas
  5616 | D:6      | Found a basalt altar of Yredelemnul.
  5616 | D:6      | Found a stormy altar of Qazlal.
  5957 | D:7      | Found a shimmering blue altar of Sif Muna.
  6006 | D:7      | Learned a level 3 spell: Ozocubu's Armour
  6024 | D:7      | Reached skill level 5 in Invocations
  6194 | D:7      | XOM: fog
  6197 | D:7      | XOM: silly message
  6199 | D:7      | XOM: enchant monster (good)
  6271 | D:7      | Reached XP level 10. HP: 80/80 MP: 17/17
  6498 | D:7      | XOM: 1-stop teleportation journey
  6755 | D:8      | Found Bammomie's Food Shop.
  6774 | D:8      | Found Gaf Agasm's Antique Armour Shoppe.
  6782 | D:8      | Bought a bloodstained scale mail for 288 gold pieces
  6792 | D:8      | Identified the cursed +0 scale mail "Plog" {Str+2} (You
                  | bought it in a shop on level 8 of the Dungeon)
  6842 | D:8      | Found Ynoexoz's Magic Scroll Shop.
  6919 | D:8      | Found Vuturhil's Book Emporium.
  6920 | D:8      | XOM: 1-stop teleportation journey
  6922 | D:8      | XOM: enchant monster (good)
  6926 | D:8      | Reached skill level 5 in Short Blades
  6926 | D:8      | Reached skill level 5 in Long Blades
  6926 | D:8      | Reached skill level 5 in Axes
  6926 | D:8      | Reached skill level 5 in Maces & Flails
  6926 | D:8      | Reached skill level 5 in Staves
  6926 | D:8      | Reached skill level 5 in Slings
  6926 | D:8      | Reached skill level 5 in Bows
  6926 | D:8      | Reached skill level 5 in Crossbows
  6926 | D:8      | Reached skill level 5 in Throwing
  6926 | D:8      | Reached skill level 5 in Stealth
  6926 | D:8      | Reached skill level 5 in Shields
  6926 | D:8      | Reached skill level 5 in Unarmed Combat
  6926 | D:8      | Reached skill level 5 in Spellcasting
  6926 | D:8      | Reached skill level 5 in Evocations
  6998 | D:8      | XOM: summons friendly crimson imp
  7027 | D:8      | Quit the game

Illustrated notes

Levels and vault maps discovered:
D:1:      saegor_arrival_simple_a, layout_rooms, kennysheep_another_room,
          ashenzari_altar_1
D:2:      layout_loops_ring, lemuel_crystal_altar, first_ration
D:3:      kennysheep_the_goblin_king, layout_rooms, okawaru_trees_1,
          uniq_sigmund
D:4:      layout_basic, nemelex_xobeh_ov_fountains_minmay, serial_shops, shop
D:5:      layout_rooms, old_standard_altar, minmay_temple_entry_glass,
          nicolae_ossuary_entry_ruins, minivault_25, dk_noncrumbling_4,
          cheibrodos_gnoll_hut
D:6:      layout_basic, gammafunk_temple_overflow_elements, serial_shops,
          shop_statue
D:7:      layout_cave_pools, basic_altar
D:8:      layout_gridville, serial_shops, shop, nicolae_shop_trees,
          nicolae_shop_overgrown_old_shop, shop

Skill      XL: |  1  2  3  4  5  6  7  8  9 10 |
---------------+-------------------------------+-----
Invocations    | 1 2 3 4 5 |  5.5
Short Blades   | 1 2 3 4 5 |  5.0
Long Blades    | 1 2 3 4 5 |  5.0
Axes           | 1 2 3 4 5 |  5.0
Maces & Flails | 1 2 3 4 5 |  5.0
Staves         | 1 2 3 4 5 |  5.0
Slings         | 1 2 3 4 5 |  5.0
Bows           | 1 2 3 4 5 |  5.0
Crossbows      | 1 2 3 4 5 |  5.0
Throwing       | 1 2 3 4 5 |  5.0
Stealth        | 1 2 3 4 5 |  5.0
Shields        | 1 2 3 4 5 |  5.0
Unarmed Combat | 1 2 3 4 5 |  5.0
Spellcasting   | 1 2 3 4 5 |  5.0
Evocations     | 1 2 3 4 5 |  5.0
Dodging        | 3 4 5 |  5.7
Conjurations   | 1 2 3 4 |  4.1
Hexes          | 1 2 3 4 |  4.1
Charms         | 1 2 3 4 |  4.1
Summonings     | 1 2 3 4 |  4.1
Necromancy     | 1 2 3 4 |  4.1
Translocations | 1 2 3 4 |  4.1
Transmutations | 1 2 3 4 |  4.1
Fire Magic     | 1 2 3 4 |  4.1
Ice Magic      | 1 2 3 4 |  4.1
Air Magic      | 1 2 3 4 |  4.1
Earth Magic    | 1 2 3 4 |  4.1
Poison Magic   | 1 2 3 4 |  4.1
Armour         | 5 6 |  6.9
Fighting       | 7 8 |  8.3
Polearms       | 7 8 |  8.3

Action                   |  1- 3 |  4- 6 |  7- 9 | 10-12 || total
-------------------------+-------+-------+-------+-------++-------
Melee: Spear             |    62 |   161 |   348 |    57 ||   628
       Bite              |     2 |    14 |    39 |    12 ||    67
       Punch             |       |       |     8 |     3 ||    11
       Broad axe         |       |       |    36 |       ||    36
 Fire: Hunting sling     |       |       |    81 |    49 ||   130
Throw: Stone             |    29 |    24 |       |       ||    53
       Boomerang         |       |    22 |    33 |       ||    55
       Dart              |       |       |    58 |       ||    58
 Cast: Confusing Touch   |       |       |     2 |     1 ||     3
       Gell's Gravitas   |       |       |       |     3 ||     3
Evoke: Wand              |       |       |     1 |       ||     1
  Use: Scroll            |       |       |    23 |       ||    23
       Potion            |       |       |     1 |       ||     1
 Stab: Sleeping          |       |     3 |     9 |     1 ||    13
       Paralysed         |       |     1 |     8 |       ||     9
       Distracted        |       |     1 |       |       ||     1
       Petrifying        |       |       |     2 |       ||     2
       Petrified         |       |       |     5 |       ||     5
       Confused          |       |       |     4 |     3 ||     7
  Eat: Chunk             |       |     4 |    14 |     3 ||    21
Armor: Leather armour    |     6 |    31 |    53 |     2 ||    92
       Scale mail        |       |       |    31 |    18 ||    49
       Chain mail        |       |       |     1 |       ||     1
Dodge: Dodged            |    17 |    51 |   118 |    31 ||   217
